 Dungeon Crawl Stone Soup version 0.20.1-1-g8b1a95d66d (webtiles) character file.

85 Gargoyl the Skirmisher (level 4, 0/39 HPs)
             Began as a Centaur Abyssal Knight on Nov 24, 2017.
             Was a Follower of Lugonu.
             Slain by an orc
             ... wielding a +0 trident
              (3 damage)
             ... on level 3 of the Dungeon.
             The game lasted 00:04:13 (2237 turns).

Gargoyl the Skirmisher (Centaur Abyssal Knight)     Turns: 2237, Time: 00:04:13

Health: 0/39       AC:  8    Str: 12 (14) XL:     4   Next: 25%
Magic:  5/5        EV:  3    Int:  8 (11) God:    Lugonu [*.....]
Gold:   129        SH:  0    Dex:  7 (10) Spells: 3/3 levels left

rFire    . . .     SeeInvis .   a - +5 hand axe
rCold    . . .     Gourm    .   (no shield)
rNeg     . . .     Faith    .   h - +0 chain mail
rPois    .         Spirit   .   (no helmet)
rElec    .         Reflect  .   (no cloak)
rCorr    .         Harm     .   j - +0 pair of gloves
MR       .....                  (no barding)
Stlth    ..........             (no amulet)
Regen    0.2/turn               (no ring)
MPRegen  0.1/turn               (no ring)

@: very quick
A: hooves 3, deformed body, speed 2, tough skin 3
a: Depart the Abyss, Renounce Religion


You were on level 3 of the Dungeon.
You worshipped Lugonu.
Lugonu was aware of your devotion.
You were not hungry.

You visited 1 branch of the dungeon, and saw 3 of its levels.
You visited the Abyss 1 time.

You collected 129 gold pieces.

Inventory:

Hand Weapons
 a - a +5 hand axe (weapon)
Armour
 h - a +0 chain mail (worn)
 j - a +0 pair of gloves (worn)
Scrolls
 g - a scroll of identify
 i - a scroll of teleportation
Potions
 e - 2 potions of agility
 l - a potion of curing {unknown}
 m - a potion of lignification
Comestibles
 c - 3 bread rations
 f - 3 meat rations


   Skills:
 + Level 3.6 Fighting
 + Level 2.5 Axes
 * Level 2.1 Armour
 + Level 0.9 Dodging
 * Level 2.6 Invocations


You had 3 spell levels left.
You didn't know any spells.

Dungeon Overview and Level Annotations

Branches:
Dungeon (3/15)

Altars:


Innate Abilities, Weirdness & Mutations

You have hooves in place of feet.
Armour fits poorly on your strangely shaped body.
You cover ground very quickly.
You have extremely tough skin. (AC +3)


Message History

The orc priest is severely wounded.
The orc priest barely misses you. The orc hits you but does no damage.
You closely miss the orc priest. Your kick misses the orc priest.
The orc priest is severely wounded.
The orc priest hits you but does no damage.
The orc barely misses you.
Your chain mail prevents you from hitting the orc priest.
Your kick misses the orc priest.
The orc priest is severely wounded.
The orc priest mumbles some strange prayers to Beogh against you.
Beogh smites you!
* * * LOW HITPOINT WARNING * * *
The orc hits you from afar with a trident.
* * * LOW HITPOINT WARNING * * *
It was a potion of degeneration.
There was something very wrong with that liquid.
You feel weakened.
You feel dopey.
You feel clumsy.
The orc priest hits you but does no damage.
The orc hits you from afar with a trident.
You die...

... .... ...
... #.#
##.###.#
.......########
#.@oo.....
#.#######. #.#
#.## #..##
#>..#
#######..##
.........#
.......#.#


You could see an orc priest and an orc.

Vanquished Creatures
  3 adders (D:2)
  4 worms (D:2)
  2 leopard geckos (D:2)
  2 orcs (D:3)
  2 giant cockroaches (D:1)
  A goblin (D:2)
  6 hobgoblins
  6 jackals (D:1)
  6 bats
  2 frilled lizards (D:1)
  5 kobolds
  2 rats
41 creatures vanquished.

Notes
Turn   | Place    | Note
-------+----------+-------------------------------------------
     0 | Abyss:1  | Gargoyl the Centaur Abyssal Knight began the quest for the Orb.
     0 | Abyss:1  | Reached XP level 1. HP: 19/19 MP: 2/2
    17 | Abyss:2  | Found a corrupted altar of Lugonu.
   121 | Abyss:3  | Noticed a snapping turtle zombie
   134 | Abyss:3  | Noticed a shadow demon
   173 | Abyss:3  | Noticed a large abomination
   177 | Abyss:3  | Noticed an Executioner
   179 | D:1      | Escaped the Abyss
   411 | D:1      | Reached XP level 2. HP: 26/26 MP: 3/3
   581 | D:1      | Reached * piety under Lugonu
   890 | D:2      | Reached XP level 3. HP: 24/31 MP: 4/4
  1731 | D:2      | Reached XP level 4. HP: 25/38 MP: 5/5
  2237 | D:3      | Slain by an orc

Skill      XL: |  1  2  3 |
---------------+----------+-----
Axes           | 2 |  2.5
Armour         | 2 |  2.1
Fighting       | |  3.6
Dodging        | |  0.9
Invocations    | |  2.6

Action                   |  1- 3 |  4- 6 || total
-------------------------+-------+-------++-------
Melee: Hand axe          |    80 |    23 ||   103
       Kick              |    15 |     2 ||    17
Invok: Depart the Abyss  |     1 |       ||     1
  Use: Scroll            |     8 |     4 ||    12
       Potion            |     2 |     1 ||     3
  Eat: Chunk             |     2 |     1 ||     3
Armor: Ring mail         |    50 |     3 ||    53
       Chain mail        |       |     6 ||     6
Dodge: Dodged            |    54 |    10 ||    64
